 Dungeon Sprint DCSS version 0.30-a0-1163-gf69bf04e7a (webtiles) character file.

Game seed: 7883640737926771781

4000000 sircluck the Formicid Barricade (level 25, -13/234 HPs)
             Began as a Formicid Fighter on Apr 28, 2023.
             Was the Champion of Makhleb.
             Mangled by a destroyer
             ... wielding a +9 heavy great sword
              (226 damage)
             ... in the Dungeon (Sprint VIII: "Arena of Blood").
             The game lasted 00:01:54 (40 turns).

sircluck the Formicid Barricade (Formicid Fighter)    Turns: 40, Time: 00:01:55

Health: -13/234    AC: 13    Str: 22    XL:     25   Next: 25%
Magic:  20/44      EV: 22    Int: 11    God:    Makhleb [******]
Gold:   0          SH: 12    Dex: 21    Spells: 59/59 levels left

rFire   . . .        i - +∞ Axe of Woe
rCold   . . .        c - +0 buckler
rNeg    . . .        b - +0 scale mail
rPois   .            (helmet unavailable)
rElec   .            (no cloak)
rCorr   .            (no gloves)
SInv    +            (no boots)
Will    ++...        (no amulet)
Stlth   +++++++      (no ring)
HPRegen 0.59/turn    (no ring)
MPRegen 0.29/turn

%: no passive effects
@: no status effects
A: permanent stasis, dig shafts and tunnels, antennae 3, four strong arms
a: Dig, Renounce Religion, Minor Destruction, Lesser Servant of Makhleb, Major
Destruction, Greater Servant of Makhleb


You were in the Dungeon.
You worshipped Makhleb.
Makhleb was exalted by your worship.
You visited 1 branch

Inventory:

Hand Weapons
 a - a +0 war axe
 i - the +∞ Axe of Woe (weapon)
   (You found it in the Dungeon)
Armour
 b - a +0 scale mail (worn)
 c - a +0 buckler (worn)
Scrolls
 h - a scroll of blinking
Potions
 d - a potion of might
 e - a potion of curing
 f - a potion of heal wounds
 g - 2 potions of magic


   Skills:
 O Level 27 Fighting
 + Level 17.6(20.5) Short Blades
 + Level 17.6(20.5) Long Blades
 O Level 27 Axes
 + Level 17.6(26.2) Maces & Flails
 + Level 17.6(26.2) Polearms
 + Level 17.6(22.9) Staves
 + Level 17.6 Ranged Weapons
 + Level 17.6 Throwing
 O Level 27 Armour
 + Level 16.3 Dodging
 + Level 22.2 Stealth
 O Level 27 Shields
 + Level 17.6 Unarmed Combat
 + Level 17.6 Spellcasting
 + Level 16.3 Conjurations
 + Level 22.7 Hexes
 + Level 17.6 Summonings
 + Level 17.6 Necromancy
 + Level 16.3 Translocations
 + Level 19.1 Transmutations
 + Level 17.6 Fire Magic
 + Level 17.6 Ice Magic
 + Level 15.0 Air Magic
 + Level 20.6 Earth Magic
 + Level 24.5 Poison Magic
 + Level 22.7 Invocations
 + Level 21.1 Evocations


You had 59 spell levels left.
You didn't know any spells.
Your spell library was empty.

Dungeon Overview and Level Annotations

Branches:
Dungeon (1/1)

Altars:
Makhleb


Innate Abilities, Weirdness & Mutations

You cannot be hasted, slowed, berserked, paralysed or teleported.
You can dig through walls and to a lower floor.
You have a pair of large antennae on your head. (SInv)
Your four strong arms can wield two-handed weapons with a shield.


Message History

Makhleb accepts your kill.
You feel better.
You hit the large bag of meat but do no damage.
You butcher the large bag of meat messily.
Makhleb accepts your kill.
You hit the meat berserker.
You dissect the meat berserker like a pig carcass.
You kill the meat berserker!
Makhleb accepts your kill.
The large bag of meat explodes!
The fiery explosion engulfs you!!
The fiery explosion engulfs the destroyer!!!
The destroyer appears out of thin air!
A destroyer comes into view. It is wielding a +9 heavy great sword.
You are engulfed in blazing flames.
You hear a shout!
The destroyer points at you and mumbles some strange words.
The destroyer blinks!
You hear a shout!
A destroyer comes into view. It is wielding a +9 heavy great sword.
The destroyer is engulfed in blazing flames.
The destroyer casts a spell at you.
The destroyer blinks!
You hear a shout!
Your Dodging skill increases to level 16!
Your Stealth skill increases to level 22!
Your Conjurations skill increases to level 16!
Your Translocations skill increases to level 16!
Your Transmutations skill increases to level 19!
Your Air Magic skill increases to level 15!
Your Poison Magic skill increases to level 24!
Your Evocations skill increases to level 21!
You have reached level 25!
Unknown command.
Unknown command.
Unknown command.
The destroyer attacks as you move away!
The destroyer hits you with a +9 heavy great sword!!!!!
Ouch! That really hurt!
You die...

.....##. #.#
....... .. ..
###.....##.##.V..
.................
..........#V#....
....§............
#...o.§§§........
.#..o§§@§o☼z..o..
....o☼○V§§)°o....
...V...§§§§.o....
.....#.))))..#V..
...o.#.))).z.#
...###..V....###.
......).###...o..
#.{...)))_.......
......#.....#....


You could see 6 destroyers, 2 sculptors of flesh and 9 bags of meat.

Vanquished Creatures
  2 vampire knights (D)
  18 ogres (D)
  6 two-headed ogres (D)
  33 orcs (D)
  2 skeletal warriors (D)
61 creatures vanquished.

Notes
Turn   | Place    | Note
-------+----------+-------------------------------------------
     0 | D        | Found the +∞ Axe of Woe
     0 | D        | sircluck the Formicid Fighter began the quest for the Orb.
     0 | D        | Reached XP level 1. HP: 18/18 MP: 1/1
     4 | D        | Became a worshipper of Makhleb the Destroyer
     4 | D        | Noticed a meat berserker
     5 | D        | Noticed a bag of meat
     5 | D        | Noticed a meat berserker
     5 | D        | Noticed a bag of meat
     6 | D        | Noticed a bag of meat
     6 | D        | Noticed a bag of meat
     8 | D        | Killed a meat berserker
     8 | D        | Noticed a bag of meat
     8 | D        | Noticed a bag of meat
     9 | D        | Reached skill level 10 in Axes
     9 | D        | Reached XP level 2. HP: 49/49 MP: 2/2
     9 | D        | Reached XP level 3. HP: 55/55 MP: 3/3
     9 | D        | Reached XP level 4. HP: 63/63 MP: 4/4
     9 | D        | Reached XP level 5. HP: 69/69 MP: 5/5
     9 | D        | Reached XP level 6. HP: 76/76 MP: 6/6
     9 | D        | Reached XP level 7. HP: 83/83 MP: 7/7
     9 | D        | Reached XP level 8. HP: 90/90 MP: 8/8
     9 | D        | Reached XP level 9. HP: 96/96 MP: 9/9
     9 | D        | Reached XP level 10. HP: 104/104 MP: 10/10
     9 | D        | Reached XP level 11. HP: 110/110 MP: 11/11
     9 | D        | Reached XP level 12. HP: 117/117 MP: 12/12
     9 | D        | Killed a meat berserker
     9 | D        | Reached * piety under Makhleb
     9 | D        | Killed a bag of meat
     9 | D        | Killed a bag of meat
     9 | D        | Noticed a bag of meat
    10 | D        | Reached XP level 13. HP: 135/135 MP: 13/13
    10 | D        | Reached XP level 14. HP: 143/143 MP: 14/14
    10 | D        | Killed a bag of meat
    10 | D        | Reached ** piety under Makhleb
    10 | D        | Killed a bag of meat
    10 | D        | Noticed a bag of meat
    10 | D        | Noticed a bag of meat
    10 | D        | Noticed a bag of meat
    10 | D        | Noticed a bag of meat
    11 | D        | Reached skill level 15 in Axes
    11 | D        | Reached XP level 15. HP: 153/153 MP: 15/15
    13 | D        | Noticed a meat berserker
    14 | D        | Reached skill level 27 in Shields
    14 | D        | Reached *** piety under Makhleb
    15 | D        | Reached skill level 27 in Fighting
    15 | D        | Reached XP level 16. HP: 167/167 MP: 16/16
    15 | D        | Reached **** piety under Makhleb
    15 | D        | Noticed a meat berserker
    16 | D        | Reached skill level 27 in Armour
    17 | D        | Reached XP level 17. HP: 174/174 MP: 17/17
    17 | D        | Noticed a meat berserker
    18 | D        | Reached ***** piety under Makhleb
    18 | D        | Killed a meat berserker
    18 | D        | Noticed a meat berserker
    18 | D        | Noticed a large bag of meat
    19 | D        | Reached skill level 27 in Axes
    19 | D        | Noticed a meat berserker
    19 | D        | Noticed a meat berserker
    19 | D        | Noticed a large bag of meat
    20 | D        | Noticed a meat berserker
    21 | D        | Reached skill level 5 in Short Blades
    21 | D        | Reached skill level 5 in Long Blades
    21 | D        | Reached skill level 5 in Maces & Flails
    21 | D        | Reached skill level 5 in Polearms
    21 | D        | Reached skill level 5 in Staves
    21 | D        | Reached skill level 5 in Ranged Weapons
    21 | D        | Reached skill level 5 in Throwing
    21 | D        | Reached skill level 5 in Unarmed Combat
    21 | D        | Reached skill level 5 in Spellcasting
    21 | D        | Reached skill level 5 in Summonings
    21 | D        | Reached skill level 5 in Necromancy
    21 | D        | Reached skill level 5 in Transmutations
    21 | D        | Reached skill level 5 in Fire Magic
    21 | D        | Reached skill level 5 in Ice Magic
    21 | D        | Reached XP level 18. HP: 182/182 MP: 17/25
    22 | D        | Reached skill level 5 in Dodging
    22 | D        | Reached skill level 5 in Conjurations
    22 | D        | Reached skill level 5 in Translocations
    22 | D        | Reached ****** piety under Makhleb
    23 | D        | Reached skill level 5 in Air Magic
    23 | D        | Reached skill level 10 in Poison Magic
    23 | D        | Killed a meat berserker
    23 | D        | Noticed a destroyer
    23 | D        | Noticed a meat berserker
    23 | D        | Noticed a large bag of meat
    24 | D        | Reached skill level 10 in Stealth
    24 | D        | Reached skill level 10 in Hexes
    24 | D        | Reached skill level 10 in Invocations
    24 | D        | Reached XP level 19. HP: 189/189 MP: 17/30
    24 | D        | Killed a meat berserker
    24 | D        | Killed a meat berserker
    24 | D        | Noticed a large bag of meat
    25 | D        | Reached skill level 10 in Earth Magic
    25 | D        | Reached skill level 10 in Evocations
    25 | D        | Killed a meat berserker
    25 | D        | Killed a meat berserker
    25 | D        | Noticed a meat berserker
    25 | D        | Noticed a meat berserker
    26 | D        | Reached skill level 10 in Short Blades
    26 | D        | Reached skill level 10 in Long Blades
    26 | D        | Reached skill level 10 in Maces & Flails
    26 | D        | Reached skill level 10 in Polearms
    26 | D        | Reached skill level 10 in Staves
    26 | D        | Reached skill level 10 in Ranged Weapons
    26 | D        | Reached skill level 10 in Throwing
    26 | D        | Reached skill level 10 in Unarmed Combat
    26 | D        | Reached skill level 10 in Spellcasting
    26 | D        | Reached skill level 10 in Summonings
    26 | D        | Reached skill level 10 in Necromancy
    26 | D        | Reached skill level 10 in Fire Magic
    26 | D        | Reached skill level 10 in Ice Magic
    26 | D        | Reached XP level 20. HP: 197/197 MP: 17/34
    26 | D        | Noticed a large bag of meat
    27 | D        | Killed a meat berserker
    27 | D        | Killed a large bag of meat
    27 | D        | Noticed a meat berserker
    27 | D        | Noticed a large bag of meat
    27 | D        | Noticed a meat berserker
    27 | D        | Noticed a destroyer
    28 | D        | Reached skill level 10 in Dodging
    28 | D        | Reached skill level 10 in Conjurations
    28 | D        | Reached skill level 10 in Translocations
    28 | D        | Reached XP level 21. HP: 159/204 MP: 18/36
    29 | D        | Killed a large bag of meat
    29 | D        | Noticed a destroyer
    30 | D        | Reached skill level 15 in Stealth
    30 | D        | Reached skill level 15 in Hexes
    30 | D        | Reached skill level 10 in Air Magic
    30 | D        | Reached skill level 15 in Invocations
    30 | D        | Noticed a destroyer
    30 | D        | Noticed a meat berserker
    30 | D        | Noticed a meat berserker
    30 | D        | Noticed a meat berserker
    31 | D        | Killed a large bag of meat
    31 | D        | Killed a meat berserker
    31 | D        | Killed a meat berserker
    31 | D        | Killed a large bag of meat
    32 | D        | Reached skill level 15 in Earth Magic
    32 | D        | Reached XP level 22. HP: 73/212 MP: 18/39
    32 | D        | Killed a destroyer
    32 | D        | Noticed a meat berserker
    33 | D        | Reached skill level 15 in Transmutations
    34 | D        | Killed a meat berserker
    34 | D        | Killed a meat berserker
    35 | D        | Reached XP level 23. HP: 202/219 MP: 19/41
    36 | D        | Reached skill level 15 in Short Blades
    36 | D        | Reached skill level 15 in Long Blades
    36 | D        | Reached skill level 15 in Maces & Flails
    36 | D        | Reached skill level 15 in Polearms
    36 | D        | Reached skill level 15 in Staves
    36 | D        | Reached skill level 15 in Ranged Weapons
    36 | D        | Reached skill level 15 in Throwing
    36 | D        | Reached skill level 15 in Unarmed Combat
    36 | D        | Reached skill level 15 in Spellcasting
    36 | D        | Reached skill level 15 in Summonings
    36 | D        | Reached skill level 15 in Necromancy
    36 | D        | Reached skill level 15 in Fire Magic
    36 | D        | Reached skill level 15 in Ice Magic
    36 | D        | Killed a destroyer
    37 | D        | Reached XP level 24. HP: 214/227 MP: 19/43
    37 | D        | Noticed a destroyer
    38 | D        | Killed a large bag of meat
    39 | D        | Reached skill level 15 in Dodging
    39 | D        | Reached skill level 15 in Conjurations
    39 | D        | Reached skill level 15 in Translocations
    39 | D        | Noticed a destroyer
    39 | D        | Killed a large bag of meat
    39 | D        | Noticed a destroyer
    40 | D        | Reached skill level 15 in Air Magic
    40 | D        | Reached XP level 25. HP: 213/234 MP: 20/44
    40 | D        | Noticed a destroyer
    40 | D        | Mangled by a destroyer

Illustrated notes

Levels and vault maps discovered:
D:        meatsprint

Skill      XL: |  1  2  3  4  5  6  7  8  9 10 11 12 13 14 15 16 17 18 19 20 21 22 23 24 |
---------------+-------------------------------------------------------------------------+-----
Fighting       | 18 23 24 27 | 27.0
Axes           | 10 14 15 19 26 27 | 27.0
Armour         | 18 22 23 26 27 | 27.0
Shields        | 20 25 26 27 | 27.0
Short Blades   | 5 7 10 11 13 14 16 17 | 17.6
Long Blades    | 5 7 10 11 13 14 16 17 | 17.6
Maces & Flails | 5 7 10 11 13 14 16 17 | 17.6
Polearms       | 5 7 10 11 13 14 16 17 | 17.6
Staves         | 5 7 10 11 13 14 16 17 | 17.6
Ranged Weapons | 5 7 10 11 13 14 16 17 | 17.6
Throwing       | 5 7 10 11 13 14 16 17 | 17.6
Dodging        | 4 7 9 10 12 13 14 16 | 16.3
Stealth        | 6 10 13 14 17 18 20 22 | 22.2
Unarmed Combat | 5 7 10 11 13 14 16 17 | 17.6
Spellcasting   | 5 7 10 11 13 14 16 17 | 17.6
Conjurations   | 4 7 9 10 12 13 14 16 | 16.3
Hexes          | 7 10 13 14 17 19 20 22 | 22.7
Summonings     | 5 7 10 11 13 14 16 17 | 17.6
Necromancy     | 5 7 10 11 13 14 16 17 | 17.6
Translocations | 4 7 9 10 12 13 14 16 | 16.3
Transmutations | 5 8 11 12 14 16 17 19 | 19.1
Fire Magic     | 5 7 10 11 13 14 16 17 | 17.6
Ice Magic      | 5 7 10 11 13 14 16 17 | 17.6
Air Magic      | 4 6 8 9 11 12 13 15 | 15.0
Earth Magic    | 6 9 12 13 15 17 18 20 | 20.6
Poison Magic   | 7 11 14 16 19 20 22 24 | 24.5
Invocations    | 7 10 13 14 17 19 20 22 | 22.7
Evocations     | 6 9 12 13 16 17 19 21 | 21.1

Action                     |  1- 3 |  4- 6 |  7- 9 | 10-12 | 13-15 | 16-18 | 19-21 | 22-24 | 25-27 || total
---------------------------+-------+-------+-------+-------+-------+-------+-------+-------+-------++-------
  Melee: Executioner's axe |     1 |       |       |     1 |     3 |     7 |     5 |     7 |       ||    24
 Armour: Scale mail        |       |       |       |       |       |     1 |       |     1 |       ||     2
  Dodge: Dodged            |       |       |       |       |       |       |       |     1 |       ||     1
  Block: Buckler           |       |       |       |       |     1 |     1 |     1 |     1 |       ||     4

Table legend: (Time is in decaauts)
 A = Elapsed time spent in this place.
 B = Non-inter-level travel time spent in this place.
 C = Inter-level travel time spent in this place.
 D = Time resting spent in this place.
 E = Time spent auto-exploring this place.
 F = Levels seen in this place.
 G = Mean time per level.
                   A        B        C        D        E       F      G
               +--------+--------+--------+--------+--------+-----+--------+
         Total |     35 |     35 |      0 |      0 |      0 |   1 |   35.0 |
       Dungeon |     35 |     35 |      0 |      0 |      0 |   1 |   35.0 |
               +--------+--------+--------+--------+--------+-----+--------+

Top non-repeatable levels by time:
       D: 35 daAuts
